PA
ROCKY MOUNTAIN VIBES @ GALESBURG GUZZLERS
07/14/2038
 
TOP OF THE 1ST
Rocky Mountain Vibes batting - Pitching for Galesburg Guzzlers : RHP Sang-hwa Kim
Pitching: RHP Sang-hwa Kim
Batting: LHB Allan Colston 0-0: Ball
1-0: Ball
2-0: Called Strike
2-1: Foul Ball, location: 2F
2-2: DOUBLE (Line Drive, 5D, EV 96.9 MPH)
Batting: RHB Eric Landry 0-0: Ball
1-0: Ground out 6-3 (Groundball, 56, EV 98.8 MPH)
Batting: RHB Mariano Juderías 0-0: Ball
1-0: SINGLE (Line Drive, 7LS, EV 103.8 MPH)
Allan Colston to third
Batting: LHB Luis Benítez 0-0: Ball
1-0: Called Strike
1-1: Ball
2-1: Ball
3-1: Foul Ball, location: 2F
3-2: Strikes out swinging
Batting: RHB Illarion Podmarkov 0-0: Foul Ball, location: 2F
0-1: Ball
1-1: SINGLE (Groundball, 6D, EV 103.8 MPH)
Allan Colston scores
Mariano Juderías to second
Batting: RHB Tomás Martí 0-0: Swinging Strike
0-1: Ball
1-1: Ball
2-1: SINGLE (Groundball, 56, EV 105.0 MPH) (infield hit)
Mariano Juderías to third
Illarion Podmarkov to second
Batting: RHB Gerold Kent 0-0: Ball
1-0: Called Strike
1-1: Ball
2-1: Ball
3-1: Foul Ball, location: 2F
3-2: DOUBLE (Line Drive, 9LD, EV 102.5 MPH)
Mariano Juderías scores
Illarion Podmarkov scores
Tomás Martí to third
Tomás Martí scores
Batting: RHB Sterling Massingham 0-0: Fly out, F3 (Line Drive, 3, EV 66.9 MPH)
Top of the 1st over - 4 runs, 5 hits, 0 errors, 1 left on base; Rocky Mountain 4 - Galesburg 0
BOTTOM OF THE 1ST
Galesburg Guzzlers batting - Pitching for Rocky Mountain Vibes : LHP Rodrigo Alarcon
Pitching: LHP Rodrigo Alarcon
Batting: RHB Shi-xian Zhào 0-0: Foul Ball, location: 2F
0-1: Reached on error, E6 (Popup, P, EV 86.2 MPH)
Batting: LHB Leonid Machehin 0-0: Ball
1-0: Ball
2-0: Foul Ball, location: 2F
2-1: Called Strike
2-2: Strikes out swinging
Batting: RHB Charles Ward 0-0: Called Strike
Shi-xian Zhào steals 2nd base
0-1: Swinging Strike
0-2: Ball
1-2: Ball
2-2: Strikes out swinging
Batting: RHB Lieh Tang 0-0: Ball
1-0: Ball
2-0: Ball
3-0: Called Strike
3-1: Swinging Strike
3-2: Strikes out looking
Bottom of the 1st over - 0 runs, 0 hits, 1 error, 1 left on base; Rocky Mountain 4 - Galesburg 0
TOP OF THE 2ND
Rocky Mountain Vibes batting - Pitching for Galesburg Guzzlers : RHP Sang-hwa Kim
Batting: LHB Robert Fouquet 0-0: Ball
1-0: Swinging Strike
1-1: Swinging Strike
1-2: Foul Ball, location: 2F
1-2: Foul Ball, location: 2F
1-2: Fly out, F8 (Line Drive, 8RM, EV 96.9 MPH)
Batting: LHB Allan Colston 0-0: Called Strike
0-1: Ground out 4-3 (Groundball, 4, EV 93.1 MPH)
Batting: RHB Eric Landry 0-0: Fly out, F7 (Flyball, 78S, EV 81.2 MPH)
Top of the 2nd over - 0 runs, 0 hits, 0 errors, 0 left on base; Rocky Mountain 4 - Galesburg 0
BOTTOM OF THE 2ND
Galesburg Guzzlers batting - Pitching for Rocky Mountain Vibes : LHP Rodrigo Alarcon
Batting: LHB Luis Escribano 0-0: Called Strike
0-1: Swinging Strike
0-2: Ball
1-2: Strikes out swinging
Batting: RHB Karel van Capelle 0-0: Ball
1-0: Ball
2-0: Called Strike
2-1: Ground out 6-3 (Groundball, 6, EV 101.2 MPH)
Batting: RHB Gerald Johnston 0-0: Swinging Strike
0-1: Foul Ball, location: 2F
0-2: Strikes out looking
Bottom of the 2nd over - 0 runs, 0 hits, 0 errors, 0 left on base; Rocky Mountain 4 - Galesburg 0
TOP OF THE 3RD
Rocky Mountain Vibes batting - Pitching for Galesburg Guzzlers : RHP Sang-hwa Kim
Batting: RHB Mariano Juderías 0-0: Called Strike
0-1: SINGLE (Line Drive, 78S, EV 88.1 MPH)
Batting: LHB Luis Benítez 0-0: Ball
1-0: Foul Ball, location: 2F
1-1: Swinging Strike
1-2: Ball
2-2: Foul Ball, location: 2F
2-2: Ball
3-2: Strikes out swinging
Batting: RHB Illarion Podmarkov 0-0: Called Strike
0-1: Ball
1-1: Ball
2-1: Ball
3-1: Base on Balls
Mariano Juderías to second
Batting: RHB Tomás Martí 0-0: Ball
1-0: SINGLE (Groundball, 56D, EV 94.4 MPH)
Mariano Juderías to third
Illarion Podmarkov to second
Runner from 3rd tries for Home, SAFE, throw by LF to home
Pitching: RHP Bob Close
Batting: RHB Gerold Kent 0-0: Foul Ball, location: 2F
0-1: Foul Ball, location: 2F
0-2: Ball
1-2: Ball
2-2: Strikes out swinging
Batting: RHB Sterling Massingham 0-0: Ball
1-0: Ball
2-0: Foul Ball, location: 2F
2-1: Foul Ball, location: 2F
2-2: Foul Ball, location: 2F
2-2: Strikes out looking
Top of the 3rd over - 1 run, 2 hits, 0 errors, 2 left on base; Rocky Mountain 5 - Galesburg 0
BOTTOM OF THE 3RD
Galesburg Guzzlers batting - Pitching for Rocky Mountain Vibes : LHP Rodrigo Alarcon
Batting: LHB António Colón 0-0: Called Strike
0-1: Ball
1-1: Called Strike
1-2: Ball
2-2: Strikes out looking
Batting: RHB Bradley Le Maistre 0-0: Called Strike
0-1: Called Strike
0-2: Strikes out swinging
Batting: RHB Shi-xian Zhào 0-0: Foul Ball, location: 2F
0-1: Ball
1-1: Ball
2-1: Ball
3-1: Called Strike
3-2: Foul Ball, location: 2F
3-2: Strikes out swinging
Bottom of the 3rd over - 0 runs, 0 hits, 0 errors, 0 left on base; Rocky Mountain 5 - Galesburg 0
TOP OF THE 4TH
Rocky Mountain Vibes batting - Pitching for Galesburg Guzzlers : RHP Bob Close
Batting: LHB Robert Fouquet 0-0: Ball
1-0: Ball
2-0: Fly out, F8 (Flyball, 8LS, EV 96.9 MPH)
Batting: LHB Allan Colston 0-0: Ball
1-0: Called Strike
1-1: Foul Ball, location: 2F
1-2: Strikes out swinging
Batting: RHB Eric Landry 0-0: Called Strike
0-1: Ball
1-1: Ball
2-1: Foul Ball, location: 2F
2-2: Foul Ball, location: 2F
2-2: SINGLE (Groundball, 15S, EV 66.2 MPH) (infield hit)
Batting: RHB Mariano Juderías 0-0: Called Strike
0-1: Foul Ball, location: 2F
0-2: Ball
1-2: Ball
2-2: Fly out, F9 (Flyball, 9LM, EV 89.4 MPH)
Top of the 4th over - 0 runs, 1 hit, 0 errors, 1 left on base; Rocky Mountain 5 - Galesburg 0
BOTTOM OF THE 4TH
Galesburg Guzzlers batting - Pitching for Rocky Mountain Vibes : LHP Rodrigo Alarcon
Batting: LHB Leonid Machehin 0-0: Swinging Strike
0-1: Ball
1-1: Ball
2-1: Foul Ball, location: 2F
2-2: Fly out, F9 (Line Drive, 9, EV 85.6 MPH)
Batting: RHB Charles Ward 0-0: Called Strike
0-1: Ball
1-1: Ball
2-1: Foul Ball, location: 2F
2-2: Strikes out swinging
Batting: RHB Lieh Tang 0-0: Called Strike
0-1: Ball
1-1: Ball
2-1: Foul Ball, location: 2F
2-2: Ball
3-2: Base on Balls
Batting: LHB Luis Escribano 0-0: Reached via error on a dropped throw from 1B, E1 (Groundball, 34S, EV 85.0 MPH)
Lieh Tang to second
Batting: RHB Karel van Capelle 0-0: Called Strike
0-1: Fly out, F4 (Popup, 34, EV 66.2 MPH)
Bottom of the 4th over - 0 runs, 0 hits, 1 error, 2 left on base; Rocky Mountain 5 - Galesburg 0
TOP OF THE 5TH
Rocky Mountain Vibes batting - Pitching for Galesburg Guzzlers : RHP Bob Close
Batting: LHB Luis Benítez 0-0: Ball
1-0: Called Strike
1-1: Ball
2-1: Ball
3-1: Base on Balls
Batting: RHB Illarion Podmarkov 0-0: Swinging Strike
0-1: Swinging Strike
0-2: Strikes out swinging
Batting: RHB Tomás Martí 0-0: Called Strike
0-1: Foul Ball, location: 2F
0-2: Ball
1-2: Hit by Pitch
Luis Benítez to second
Pinch Runner at 1st Slavik Akentiev:
Batting: RHB Gerold Kent 0-0: Ball
1-0: Ball
2-0: Ball
3-0: Called Strike
3-1: Swinging Strike
3-2: Foul Ball, location: 2F
3-2: Base on Balls
Luis Benítez to third
Slavik Akentiev to second
Batting: RHB Sterling Massingham 0-0: Swinging Strike
0-1: Ball
1-1: Foul Ball, location: 2F
1-2: Ball
2-2: Strikes out swinging
Batting: LHB Robert Fouquet 0-0: Ball
1-0: Ball
2-0: Ball
3-0: Called Strike
3-1: Called Strike
3-2: Strikes out swinging
Top of the 5th over - 0 runs, 0 hits, 0 errors, 3 left on base; Rocky Mountain 5 - Galesburg 0
BOTTOM OF THE 5TH
Galesburg Guzzlers batting - Pitching for Rocky Mountain Vibes : LHP Rodrigo Alarcon
Now at SS: Slavik Akentiev
Batting: RHB Gerald Johnston 0-0: Fly out, F2 (Popup, 23F, EV 83.8 MPH)
Batting: LHB António Colón 0-0: Called Strike
0-1: Ball
1-1: Called Strike
1-2: Foul Ball, location: 2F
1-2: Ball
2-2: Ball
3-2: Strikes out swinging
Batting: RHB Bradley Le Maistre 0-0: Ball
1-0: Called Strike
1-1: Ground out U3 (Groundball, 34, EV 104.4 MPH)
Bottom of the 5th over - 0 runs, 0 hits, 0 errors, 0 left on base; Rocky Mountain 5 - Galesburg 0
TOP OF THE 6TH
Rocky Mountain Vibes batting - Pitching for Galesburg Guzzlers : RHP Bob Close
Batting: LHB Allan Colston 0-0: Called Strike
0-1: Fly out, F7 (Flyball, 7LMF, EV 105.0 MPH)
Pitching: RHP Turkka Merimaa
Batting: RHB Eric Landry 0-0: Ball
1-0: Swinging Strike
1-1: Foul Ball, location: 2F
1-2: Ground out 3-1 (Groundball, 34, EV 102.5 MPH)
Batting: RHB Mariano Juderías 0-0: Ball
1-0: Ball
2-0: Fly out, F8 (Flyball, 8RD, EV 98.1 MPH)
Top of the 6th over - 0 runs, 0 hits, 0 errors, 0 left on base; Rocky Mountain 5 - Galesburg 0
BOTTOM OF THE 6TH
Galesburg Guzzlers batting - Pitching for Rocky Mountain Vibes : LHP Rodrigo Alarcon
Batting: RHB Shi-xian Zhào 0-0: Swinging Strike
0-1: Foul Ball, location: 2F
0-2: Strikes out swinging
Batting: LHB Leonid Machehin 0-0: Foul Ball, location: 2F
0-1: Called Strike
0-2: Fly out, F9 (Flyball, 9S, EV 82.5 MPH)
Batting: RHB Charles Ward 0-0: Called Strike
0-1: Ball
1-1: Fly out, F9 (Flyball, 89M, EV 94.4 MPH)
Bottom of the 6th over - 0 runs, 0 hits, 0 errors, 0 left on base; Rocky Mountain 5 - Galesburg 0
TOP OF THE 7TH
Rocky Mountain Vibes batting - Pitching for Galesburg Guzzlers : RHP Turkka Merimaa
Batting: LHB Luis Benítez 0-0: SINGLE (Groundball, 4MD, EV 109.4 MPH)
Batting: RHB Illarion Podmarkov 0-0: Grounds into double play, 4-6-3 (Groundball, 4, EV 93.8 MPH)
Batting: RHB Slavik Akentiev 0-0: Called Strike
0-1: SINGLE (Groundball, 25, EV 74.4 MPH) (infield hit)
Batting: RHB Gerold Kent 0-0: Ball
1-0: DOUBLE (Line Drive, 89D, EV 114.4 MPH)
Slavik Akentiev to third
Batting: RHB Sterling Massingham 0-0: Foul Ball, location: 2F
0-1: Swinging Strike
0-2: Ball
1-2: Ball
2-2: Strikes out looking
Top of the 7th over - 0 runs, 3 hits, 0 errors, 2 left on base; Rocky Mountain 5 - Galesburg 0
BOTTOM OF THE 7TH
Galesburg Guzzlers batting - Pitching for Rocky Mountain Vibes : LHP Rodrigo Alarcon
Batting: RHB Lieh Tang 0-0: Called Strike
0-1: Ball
1-1: Swinging Strike
1-2: Ball
2-2: Strikes out swinging
Batting: LHB Luis Escribano 0-0: Called Strike
0-1: Ground out 4-3 (Groundball, 4M, EV 84.4 MPH)
Batting: RHB Karel van Capelle 0-0: Swinging Strike
0-1: Called Strike
0-2: Ball
1-2: Strikes out swinging
Bottom of the 7th over - 0 runs, 0 hits, 0 errors, 0 left on base; Rocky Mountain 5 - Galesburg 0
TOP OF THE 8TH
Rocky Mountain Vibes batting - Pitching for Galesburg Guzzlers : RHP Turkka Merimaa
Batting: LHB Robert Fouquet 0-0: Ground out U3 (Groundball, 34, EV 101.9 MPH)
Batting: LHB Allan Colston 0-0: Called Strike
0-1: Ground out 6-3 (Groundball, 4M, EV 85.6 MPH)
Batting: RHB Eric Landry 0-0: Ball
1-0: Ball
2-0: Ball
3-0: Called Strike
3-1: Foul Ball, location: 2F
3-2: Fly out, F1 (Line Drive, P, EV 76.9 MPH)
Top of the 8th over - 0 runs, 0 hits, 0 errors, 0 left on base; Rocky Mountain 5 - Galesburg 0
BOTTOM OF THE 8TH
Galesburg Guzzlers batting - Pitching for Rocky Mountain Vibes : LHP Rodrigo Alarcon
Batting: RHB Gerald Johnston 0-0: Ball
1-0: Foul Ball, location: 2F
1-1: Ball
2-1: Ball
3-1: Base on Balls
Batting: LHB António Colón 0-0: Called Strike
0-1: Ball
1-1: Foul Ball, location: 2F
1-2: Foul Ball, location: 2F
1-2: Ball
2-2: Strikes out swinging
Batting: RHB Bradley Le Maistre 0-0: Ball
1-0: Ball
2-0: Called Strike
2-1: Ball
3-1: SINGLE (Groundball, 56D, EV 94.4 MPH)
Gerald Johnston to second
Batting: RHB Shi-xian Zhào 0-0: Ball
1-0: Called Strike
1-1: Ball
2-1: Ball
3-1: Base on Balls
Gerald Johnston to third
Bradley Le Maistre to second
Pitching: RHP Koswara Setiadji
Batting: LHB Leonid Machehin 0-0: Called Strike
0-1: Foul Ball, location: 2F
0-2: Ball
1-2: Strikes out swinging
Batting: RHB Charles Ward 0-0: Ball
1-0: Foul Ball, location: 2F
1-1: Foul Ball, location: 2F
1-2: Strikes out swinging
Bottom of the 8th over - 0 runs, 1 hit, 0 errors, 3 left on base; Rocky Mountain 5 - Galesburg 0
TOP OF THE 9TH
Rocky Mountain Vibes batting - Pitching for Galesburg Guzzlers : RHP Turkka Merimaa
Batting: RHB Mariano Juderías 0-0: Called Strike
0-1: SINGLE (Line Drive, 6MD, EV 93.8 MPH)
Batting: LHB Luis Benítez 0-0: Foul Ball, location: 2F
0-1: Ball
1-1: Ground out 3-1 (Groundball, 3, EV 111.2 MPH)
Mariano Juderías to second
Pitching: RHP Rob Durnford
Batting: RHB Illarion Podmarkov 0-0: Foul Ball, location: 2F
0-1: Foul Ball, location: 2F
0-2: Ball
1-2: Foul Ball, location: 2F
1-2: Strikes out looking
Batting: RHB Slavik Akentiev 0-0: Ball
1-0: Called Strike
1-1: Ball
2-1: Foul Ball, location: 2F
2-2: Foul Ball, location: 2F
2-2: Ball
3-2: Base on Balls
Batting: RHB Gerold Kent 0-0: Foul Ball, location: 2F
0-1: Called Strike
0-2: Foul Ball, location: 2F
0-2: Foul Ball, location: 2F
0-2: Strikes out swinging
Top of the 9th over - 0 runs, 1 hit, 0 errors, 2 left on base; Rocky Mountain 5 - Galesburg 0
BOTTOM OF THE 9TH
Galesburg Guzzlers batting - Pitching for Rocky Mountain Vibes : RHP Koswara Setiadji
Batting: RHB Lieh Tang 0-0: Ball
1-0: Foul Ball, location: 2F
1-1: Swinging Strike
1-2: Foul Ball, location: 2F
1-2: Ball
2-2: Ground out 3-1 (Groundball, 34, EV 87.5 MPH)
Batting: LHB Luis Escribano 0-0: Fly out, F8 (Flyball, 8RD, EV 94.4 MPH)
Batting: RHB Karel van Capelle 0-0: SINGLE (Groundball, 34D, EV 108.1 MPH)
Batting: RHB Gerald Johnston 0-0: Foul Ball, location: 2F
0-1: Ball
1-1: Fielders Choice at 2nd, 6-4 (Groundball, 6, EV 86.9 MPH)
Bottom of the 9th over - 0 runs, 1 hit, 0 errors, 1 left on base; Rocky Mountain 5 - Galesburg 0
Friday, April 17th, 2020 - OOTP Baseball 20.8 Build 74